 Dungeon Crawl Stone Soup version 0.27.0-1-g7a089689b8 (webtiles) character file.

Game seed: 15331491655579969908

254276 SnakkuSnakku7 the Severer (level 18, -17/141 HPs)
             Began as a Demigod Summoner on Aug 2, 2021.
             Killed from afar by a crystal guardian (25 damage)
             ... with a crystal bolt
             ... led by a peacekeeper
             ... on level 1 of the Vaults.
             The game lasted 01:23:52 (55568 turns).

SnakkuSnakku7 the Severer (Demigod Summoner)       Turns: 55568, Time: 01:23:57

Health: -17/141    AC: 48    Str: 35    XL:     18   Next: 32%
Magic:  35/35      EV:  9    Int: 21    God:
Gold:   957        SH: 15    Dex: 14    Spells: 28/33 levels left

rFire    + . .     SeeInvis +   a - +9 eveningstar (vamp)
rCold    . . .     Faith    .   s - +1 kite shield {AC+3}
rNeg     + . .     Spirit   .   Z - +5 crystal plate armour
rPois    .         Reflect  .   i - +2 helmet {SInv}
rElec    +         Harm     .   e - +3 cloak of Card Tricks {rF+}
rCorr    +         Rampage  .   F - +2 pair of gloves
Will     +....                  G - +2 pair of boots {Fly}
Stlth    ..........             D - amulet of regeneration
HPRegen  1.33/turn              H - +4 ring of protection
MPRegen  0.24/turn              c - ring of Eternal Harmony {rElec rN+ rCorr Str+6 Slay+3}

@: unable to read, flying
A: high mp 1, forlorn, inability to read while threatened
}: 2/15 runes: decaying, gossamer
a: no special abilities


You were on level 1 of the Vaults.
You visited 7 branches of the dungeon, and saw 33 of its levels.
You visited the Abyss 2 times.
You visited 1 bazaar.
You also visited: Sewer and Ice Cave.

You collected 3467 gold pieces.
You spent 2510 gold pieces at shops.

Inventory:

Hand Weapons
 a - a +9 vampiric eveningstar (weapon)
Missiles
 v - 12 curare-tipped darts (quivered)
 J - 5 throwing nets
Armour
 e - the +3 cloak of Card Tricks (worn) {rF+}
   (You bought it in a shop on level 2 of the Orcish Mines)

   rF:        It protects you from fire.
 i - a +2 helmet of see invisible (worn)
 s - a +1 kite shield of protection (worn)
 F - a +2 pair of gloves (worn)
 G - a +2 pair of boots of flying (worn)
 Z - a +5 crystal plate armour (worn)
Jewellery
 c - the ring of Eternal Harmony (right hand) {rElec rN+ rCorr Str+6 Slay+3}
   (You acquired it on level 3 of the Abyss)

   [ring of strength]

   Str:       It affects your strength (+6).
   Slay:      It affects your accuracy & damage with ranged weapons and melee
   (+3).
   rElec:     It insulates you from electricity.
   rN:        It protects you from negative energy.
   rCorr:     It protects you from acid and corrosion.
 d - the ring of Lurr {rPois MP-9 SInv Stlth+}
   (You found it on level 2 of the Lair of Beasts)

   [ring of see invisible]

   rPois:     It protects you from poison.
   MP:        It affects your magic capacity (-9).
   SInv:      It lets you see invisible.
   Stlth:     It makes you more stealthy.
 C - the amulet "Miengoh" {Reflect rN+ Will++ Str+4 Dex-5 SH+5}
   (You found it on level 5 of the Lair of Beasts)

   [amulet of reflection]

   It reflects blocked missile attacks.
   Str:       It affects your strength (+4).
   Dex:       It affects your dexterity (-5).
   rN:        It protects you from negative energy.
   SH:        It affects your SH (+5).
   Will:      It greatly increases your willpower.
 D - an amulet of regeneration (around neck)
 H - a +4 ring of protection (left hand)
 K - a ring of fire
 N - a ring of ice
 U - a +6 ring of dexterity
 W - a ring of willpower
Wands
 m - a wand of acid (22)
 n - a wand of polymorph (32)
 r - a wand of mindburst (16)
 E - a wand of digging (15)
 I - a wand of iceblast (28)
 L - a wand of charming (21)
 M - a wand of flame (20)
 X - a wand of paralysis (6)
Scrolls
 b - 2 scrolls of silence
 h - a scroll of magic mapping
 k - a scroll of blinking
 p - 2 scrolls of holy word
 t - 7 scrolls of fog
 u - 10 scrolls of teleportation
 w - 7 scrolls of immolation
 O - 13 scrolls of identify
 P - 3 scrolls of summoning
Potions
 f - a potion of invisibility
 g - 5 potions of mutation
 j - 9 potions of curing
 o - 4 potions of lignification
 q - 5 potions of ambrosia
 x - 3 potions of might
 z - 9 potions of brilliance
 A - 5 potions of magic
 B - 8 potions of attraction
 Q - a potion of heal wounds
 R - 2 potions of berserk rage
 T - 2 potions of cancellation
 V - 7 potions of haste
Miscellaneous
 l - a tin of tremorstones (1/2)
 S - a phantom mirror
 Y - a condenser vane (inert)


   Skills:
 - Level 8.0 Fighting
 - Level 16.0(17.5) Axes
 - Level 12.8(16.0) Maces & Flails
 - Level 11.5 Armour
 - Level 8.0 Dodging
 - Level 1.7 Stealth
 + Level 12.2 Shields
 - Level 8.0 Spellcasting
 - Level 3.6 Summonings
 - Level 13.0 Translocations


You had 28 spell levels left.
You knew the following spells:

 Your Spells              Type           Power      Damage    Failure   Level
b - Manifold Assault      Tloc           58%        N/A       22%         5

Your spell library contained the following spells:

 Spells                   Type           Power      Damage    Failure   Level
 Blink                    Tloc           N/A        N/A       1%          2
 Lesser Beckoning         Tloc           29%        N/A       2%          3
 Teleport Other           Tloc           58%        N/A       2%          3
 Portal Projectile        Hex/Tloc       70%        N/A       34%         3
 Summon Small Mammal      Summ           92%        N/A       36%         1
 Call Imp                 Summ           23%        N/A       50%         2
 Call Canine Familiar     Summ           23%        N/A       75%         3
 Summon Forest            Summ/Tloc      21%        N/A       83%         5
 Animate Skeleton         Necr           16%        N/A       86%         1
 Beastly Appendage        Tmut           16%        N/A       86%         1
 Freeze                   Ice            32%        1d5       86%         1
 Magic Dart               Conj           32%        1d4       86%         1
 Pain                     Necr           32%        1d5       86%         1
 Sandblast                Erth           16%        2d6       86%         1
 Corpse Rot               Necr/Air       N/A        N/A       94%         2
 Slow                     Hex            8%         N/A       94%         2
 Static Discharge         Conj/Air       8%         N/A       94%         2
 Wereblood                Tmut           8%         N/A       94%         2
 Summon Guardian Golem    Hex/Summ       15%        N/A       94%         3
 Confusing Touch          Hex            8%         N/A       99%         3
 Frozen Ramparts          Ice            16%        1d3       99%         3
 Mephitic Cloud           Conj/Pois/Air  8%         N/A       99%         3
 Spider Form              Tmut/Pois      4%         N/A       99%         3
 Swiftness                Air            8%         N/A       99%         3
 Vampiric Draining        Necr           4%         2d6       99%         3
 Airstrike                Air            4%         N/A       100%        4
 Animate Armour           Summ/Erth      30%        N/A       100%        4
 Hailstorm                Conj/Ice       8%         3d4       100%        4
 Leda's Liquefaction      Hex/Erth       4%         N/A       100%        4
 Petrify                  Tmut/Erth      8%         N/A       100%        4
 Sticky Flame             Conj/Fire      8%         2d3       100%        4
 Summon Lightning Spire   Summ/Air       15%        N/A       100%        4
 Agony                    Necr           8%         N/A       100%        5
 Excruciating Wounds      Necr           4%         N/A       100%        5
 Fireball                 Conj/Fire      4%         3d4       100%        5
 Iskenderun's Battlesphe  Conj           8%         2d6       100%        5
 Lightning Bolt           Conj/Air       4%         1d15      100%        5
 Metabolic Englaciation   Hex/Ice        4%         N/A       100%        5
 Conjure Ball Lightning   Conj/Air       4%         3x3d6     100%        6
 Statue Form              Tmut/Erth      5%         N/A       100%        6
 Orb of Destruction       Conj           4%         9d2       100%        7
 Maxwell's Capacitive Co  Air            4%         ∞         100%        8


Dungeon Overview and Level Annotations

Branches:
Dungeon (15/15)            Temple (1/1) D:6            Lair (6/6) D:10
  Swamp (4/4) Lair:4       Spider (4/4) Lair:4        Slime (0/5) Lair:6
    Orc (2/2) D:9             Elf (0/3) Orc:2        Vaults (1/5) D:13
 Depths (0/5) D:15          Sewer (visited)           IceCv (visited)

Shops:
D:4 *   D:5 (   D:6 !   D:13 *   Orc:1 !   Orc:2 (:[=

Annotations:
Swamp:1 1 runed translucent door, swinepaste's ghost, journeyman DsMo


Innate Abilities, Weirdness & Mutations

Your attributes grow dramatically as you level up.
You have an increased reservoir of magic. (+10% MP)
You shall have no god before yourself.
You sometimes lose the ability to read scrolls when taking damage.


Message History

Unknown command.
You feel much better.
The ironbound convoker points at the vault warden and mumbles some strange words.
The vault warden seems to grow stronger.
You block the boggart's attack.
You block the crystal guardian's attack.
Unknown command.
Unknown command.
You cannot read scrolls in your current state!
Unknown command.
Your shield and crystal plate armour prevent you from hitting the boggart.
The boggart gestures wildly while chanting.
The boggart flickers and vanishes for a moment.
Okay, then.
Okay, then.
Aiming: Corrosive Bolt
Press: ? - help, Shift-Dir - straight line, f - boggart
Aim: a boggart (strong, slightly transparent, 64% to hit)
The bolt of acid hits the crystal guardian but does no damage.
The crystal guardian is severely damaged.
The bolt of acid hits the ironbound convoker.
The ironbound convoker is splashed with acid.
The acid corrodes the ironbound convoker!
The ironbound convoker is lightly wounded.
The bolt of acid hits the boggart!
The boggart is splashed with acid.
You kill the boggart!
The vault warden dissolves into shadows!
The yaktaur dissolves into shadows! x5
The crystal guardian hits you but does no damage.
The yaktaur wields a +0 arbalest.
The yaktaur shoots a bolt.
The bolt completely misses the boggart.
You block the bolt.
The boggart hits you but does no damage.
Unknown command.
You completely miss the crystal guardian.
The crystal guardian is severely damaged.
The crystal guardian fires a crystalline bolt at you.
The crystal bolt freezes you!!
* * * LOW HITPOINT WARNING * * *
The crystal bolt freezes you!!
You die...

#..#.....#..'.###.
#..'.....#..'.....
#.)#######..######
#.÷.........# #...........#
#....>......#
########'#######).#######..#
............./p8..#.....#..#
............u.8#@.).....#..#
...............g..#.....#..#
########.....pc#######'###+#
#.......# #......# #.......#
#......# #.......# #......#
#.......# #......# #.......#
#......# #.......# #......#


You could see a cyan ugly thing, 2 crystal guardians, a vault sentinel (catching
breath), an ironbound convoker (corroded), a yaktaur and a boggart (invisible).

Vanquished Creatures
  Rupert (D:12)
  A tentacled monstrosity (Swamp:1)
  2 tentacled starspawn
  Kirke (Spider:3)
  Roxanne (Spider:4)
  5 ghost moths
  A deep elf sorcerer (Abyss:2)
  A ghoul (Swamp:4)
  Louise (Swamp:2)
  A vault warden (Vaults:1)
  9 emperor scorpions
  An ironbound preserver (Vaults:1)
  A reaper (IceCv)
  2 dire elephants (Vaults:1)
  2 entropy weavers
  4 bunyips
  A spark wasp (Spider:3)
  5 eleionomae
  The ghost of Gorgoleon the Unseen, a journeyman SpEn of Okawaru (Lair:6)
  An ettin (D:15)
  4 fire dragons
  The ghost of bande the Cleaver, a journeyman GrFi of Okawaru (Lair:4)
  13 boulder beetles
  22 hydras
  2 spriggan air magi
  An ironbound thunderhulk (Vaults:1)
  2 ghost crabs (Swamp:4)
  5 two-headed ogres
  An ironbound frostheart (Vaults:1)
  A peacekeeper (Vaults:1)
  5 centaur warriors
  2 catoblepae
  An alligator (Swamp:4)
  12 death yaks
  A tengu warrior (D:15)
  A satyr (Abyss:3)
  A dancing weapon (Abyss:2)
  2 ironbound beastmasters (Vaults:1)
  4 thrashing horrors
  5 orc high priests
  10 spriggans
  2 sixfirhies (Abyss:2)
  4 wretched stars
  3 skeletal warriors (D:12)
  A spatial maelstrom (Abyss:2)
  2 spriggan druids (Swamp:2)
  4 goliath frogs
  15 swamp dragons
  3 bog bodies
  An obsidian statue (Vaults:1)
  5 deep trolls
  The ghost of lnt the Digger, a novice DDEE of Makhleb (D:8)
  2 wizards
  A necromancer (D:15)
  6 lindwurms
  3 deep elf pyromancers
  3 oklob plants (Lair:1)
  6 orc knights
  24 orb spiders
  4 will-o-the-wisps
  6 ugly things
  A faun (D:12)
  6 orc sorcerers
  30 wolf spiders
  2 manticores
  8 cyclopes
  2 moths of wrath
  7 black mambas
  A black mamba (shapeshifter) (D:15)
  2 smoke demons (Abyss:3)
  A vault sentinel (Vaults:1)
  An ice statue (IceCv)
  3 torpor snails
  A gargoyle (D:11)
  4 large abominations
  8 cane toads
  7 rime drakes
  2 entropy weaver simulacra (IceCv)
  5 yaktaurs (Vaults:1)
  A tengu conjurer (D:15)
  2 efreet
  10 komodo dragons
  19 demonic crawlers
  A silent spectre (Abyss:3)
  40 jumping spiders
  An ice devil (IceCv)
  An ancient zyme (Abyss:2)
  2 bloated husks (Swamp:1)
  9 trolls
  3 raiju
  3 tyrant leeches
  24 hornets
  A hydra zombie (Abyss:3)
  8 slime creatures
  18 blink frogs
  89 redbacks
  A tarantella (shapeshifter) (D:13)
  2 ynoxinuls (Abyss:3)
  3 shadows
  31 tarantellas
  A vampire (D:13)
  8 wyverns
  3 wraiths
  72 yaks
  5 steam dragons
  7 hogs (Spider:3)
  2 chaos spawn (Abyss:3)
  A death yak simulacrum (IceCv)
  2 neqoxecs
  A basilisk (Lair:2)
  17 vampire mosquitoes
  6 swamp worms
  5 wargs (Orc:1)
  An acid dragon (Lair:6)
  2 harpy simulacra (IceCv)
  17 water moccasins
  37 orc warriors
  3 sky beasts
  9 swamp drakes
  3 ice beasts
  3 black bears
  A hornet zombie (D:7)
  5 necrophages
  An ogre (shapeshifter) (D:13)
  5 boggarts
  6 ogres
  27 wolves
  15 centaurs
  4 kobold brigands
  16 bullfrogs
  6 scorpions
  A gnoll sergeant (D:6)
  10 two-headed ogre simulacra (IceCv)
  5 cane toad simulacra (IceCv)
  2 wyvern zombies
  4 small abominations
  6 killer bees
  An elephant simulacrum (IceCv)
  15 wights
  2 howler monkeys (D:11)
  An electric eel (Orc:1)
  7 centaur zombies
  A quasit (Abyss:3)
  3 bullfrog zombies
  2 centaur skeletons
  A gnoll shaman (D:7)
  8 hounds
  A jelly (D:7)
  11 orc priests
  3 bullfrog skeletons
  3 iron imps
  4 iguanas
  18 orc wizards
  7 hell rats (Lair:6)
  8 troll simulacra (IceCv)
  A polar bear simulacrum (IceCv)
  2 killer bee zombies (D:8)
  2 spriggan simulacra (IceCv)
  2 wolf simulacra (IceCv)
  2 hound skeletons (D:4)
  2 howler monkey zombies
  A howler monkey skeleton (D:7)
  4 gnolls
  8 adders
  2 river rats
  5 naga simulacra (IceCv)
  10 white imps
  An ufetubus (D:6)
  An adder skeleton (D:4)
  3 worms (D:3)
  A dart slug (D:4)
  75 orcs
  8 endoplasms
  6 giant cockroaches
  10 goblins
  4 hobgoblins
  2 jackals (Sewer)
  5 quokkas
  8 ball pythons
  3 bats
  6 frilled lizards
  25 kobolds
  13 rats
  A fire vortex (Swamp:4)
  4 starspawn tentacles
1226 creatures vanquished.

Vanquished Creatures (collateral kills)
  An iguana (D:4)
  Robin (D:1)
  3 river rats (D:4)
  2 adders
  3 worms
  2 goblins (D:1)
  4 hobgoblins
  3 kobolds
  A quokka (D:3)
  2 rats
22 creatures vanquished.

Vanquished Creatures (others)
  An alligator (Swamp:4)
  A lindwurm (Swamp:4)
  A wolf spider (Spider:4)
  A hellwing (Abyss:2)
  3 bloated husks
  3 jumping spiders
  A steam dragon (Swamp:4)
  5 swamp drakes (Swamp:4)
  An orc warrior (Orc:2)
  An orc priest (Orc:2)
  An orc wizard (Orc:2)
  A bush (Lair:6)
  22 foxfires
  30 fungi
  51 plants
  3 starspawn tentacles
126 creatures vanquished.

Grand Total: 1374 creatures vanquished

Notes
Turn   | Place    | Note
-------+----------+-------------------------------------------
     0 | D:1      | SnakkuSnakku7 the Demigod Summoner began the quest for the
                  | Orb.
     0 | D:1      | Reached XP level 1. HP: 14/14 MP: 5/5
  1037 | D:1      | Reached skill level 1 in Translocations
  1153 | D:1      | Reached XP level 2. HP: 14/22 MP: 7/7
  2834 | D:2      | Noticed Robin
  3153 | D:1      | HP: 1/22 [Robin (4)]
  3178 | D:1      | Killed Robin
  3179 | D:1      | Reached XP level 3. HP: 4/27 MP: 5/8
  3976 | D:2      | You fall into a shaft and drop 1 floor!
  4487 | D:3      | Reached XP level 4. HP: 27/34 MP: 9/9
  5566 | D:4      | Found Essygic's Assorted Antiques.
  5579 | D:4      | Bought a scroll labelled IQUKKOWOU for 23 gold pieces
  5579 | D:4      | Bought a sapphire potion for 20 gold pieces
  5579 | D:4      | Bought a sapphire potion for 20 gold pieces
  5579 | D:4      | Bought 2 scrolls labelled HEOVYO LUSK for 46 gold pieces
  5899 | D:4      | Found a glowing drain.
  5967 | Sewer    | Entered a sewer
  6181 | Sewer    | Noticed a kobold brigand
  6207 | Sewer    | Reached XP level 5. HP: 35/39 MP: 10/10
  6235 | Sewer    | Reached skill level 5 in Translocations
  6452 | D:4      | Noticed a necrophage
  6463 | D:4      | Killed a necrophage
  6531 | D:4      | Reached XP level 6. HP: 17/46 MP: 11/11
  7127 | D:4      | Learned a level 5 spell: Manifold Assault
  7449 | D:5      | Entered Level 5 of the Dungeon
  7499 | D:5      | Reached skill level 1 in Axes
  7797 | D:5      | Identified the +9 whip "Linug" {speed, Int+4}
  7801 | D:5      | Reached skill level 2 in Axes
  8110 | D:5      | Found Axtes's Antique Weapon Boutique.
  8171 | D:5      | Reached skill level 3 in Axes
  8171 | D:5      | Reached XP level 7. HP: 51/51 MP: 10/12
  8590 | D:6      | Reached skill level 1 in Fighting
  8629 | D:6      | Noticed a steam dragon
  8640 | D:6      | Killed a steam dragon
  8857 | D:6      | Found a staircase to the Ecumenical Temple.
  9253 | D:6      | Reached skill level 5 in Fighting
  9253 | D:6      | Reached XP level 8. HP: 49/68 MP: 13/13
  9255 | D:6      | Found Vukk's Distillery.
  9266 | D:6      | Bought a potion of degeneration for 14 gold pieces
  9605 | Temple   | Entered the Ecumenical Temple
 10923 | D:7      | Reached skill level 1 in Armour
 11498 | D:7      | Reached XP level 9. HP: 54/81 MP: 10/14
 11862 | D:7      | Reached skill level 5 in Armour
 12308 | D:7      | Noticed a cyclops
 12308 | D:7      | Noticed a four-headed hydra
 12308 | D:7      | Noticed a deep elf pyromancer
 12313 | D:7      | Noticed a green ugly thing
 13100 | D:5      | Bought a crystal great sword for 218 gold pieces
 13100 | D:5      | Identified the +0 great sword "Leviticus" {flame, *Slow
                  | rCorr Int+7 Dex+3} (You bought it in a shop on level 5 of
                  | the Dungeon)
 13172 | D:7      | Noticed an orb spider
 13233 | D:7      | Killed a deep elf pyromancer
 13234 | D:7      | Reached skill level 4 in Axes
 13551 | D:7      | Killed a one-headed hydra
 13552 | D:7      | Reached skill level 5 in Axes
 13552 | D:7      | Reached XP level 10. HP: 68/88 MP: 12/15
 13561 | D:7      | Reached skill level 6 in Axes
 13772 | D:7      | Killed a green ugly thing
 13800 | D:7      | Killed a cyclops
 13801 | D:7      | Reached skill level 7 in Axes
 14271 | D:8      | Reached skill level 8 in Axes
 14385 | D:8      | Found a runed translucent gate.
 14385 | D:8      | Found a runed translucent gate.
 14386 | D:8      | Found a runed translucent gate.
 14390 | D:8      | Noticed lnt's ghost (novice DDEE)
 15045 | D:9      | Found a staircase to the Orcish Mines.
 15057 | D:9      | Reached skill level 9 in Axes
 15803 | D:10     | Entered Level 10 of the Dungeon
 16035 | D:10     | Noticed a cyclops
 16057 | D:10     | Killed a cyclops
 16424 | D:10     | Reached skill level 10 in Axes
 16424 | D:10     | Reached XP level 11. HP: 55/94 MP: 9/17
 16583 | D:10     | Found a staircase to the Lair.
 16930 | Lair:1   | Entered Level 1 of the Lair of Beasts
 17447 | Lair:1   | Reached skill level 11 in Axes
 17666 | Lair:1   | Noticed a four-headed hydra
 17738 | Lair:1   | Killed a one-headed hydra
 18157 | Lair:1   | Reached skill level 12 in Axes
 19326 | Lair:2   | Identified the ring of Lurr {rPois MP-9 SInv Stlth+}
 19434 | Lair:2   | Reached skill level 13 in Axes
 19720 | Lair:2   | Noticed an eight-headed hydra
 19779 | Lair:2   | Noticed a boulder beetle
 19790 | Lair:2   | Killed a boulder beetle
 19997 | Lair:2   | Reached XP level 12. HP: 59/101 MP: 11/18
 20005 | Lair:2   | Identified the +6 long sword of Hubris {flame, rElec Will+
                  | Int+2 Stlth+}
 20298 | Lair:2   | Killed a one-headed hydra
 20708 | Lair:2   | Reached skill level 14 in Axes
 20909 | Lair:3   | Noticed a seven-headed hydra
 20919 | Lair:3   | Killed a one-headed hydra
 21122 | Lair:3   | Noticed a five-headed hydra
 21142 | Lair:3   | Killed a one-headed hydra
 21446 | Lair:3   | Reached skill level 15 in Axes
 22834 | Lair:4   | Found a staircase to the Swamp.
 23286 | Lair:4   | Found a runed translucent gate.
 23287 | Lair:4   | Found a runed translucent gate.
 23288 | Lair:4   | Found a runed translucent gate.
 23407 | Lair:4   | Found a hole to the Spider Nest.
 23644 | Lair:4   | Noticed bande's ghost (journeyman GrFi)
 24205 | Lair:5   | Reached XP level 13. HP: 55/107 MP: 10/19
 24209 | Lair:4   | Reached skill level 16 in Axes
 24495 | Lair:5   | Reached skill level 1 in Shields
 25011 | Lair:5   | Identified the amulet "Miengoh" {Reflect rN+ Will++ Str+4
                  | Dex-5 SH+5}
 25705 | Lair:6   | Entered Level 6 of the Lair of Beasts
 25705 | Lair:6   | Found a staircase to the Slime Pits.
 27174 | Lair:6   | Reached skill level 5 in Spellcasting
 27324 | Lair:6   | Found a transporter.
 29857 | Lair:6   | Found a transporter.
 29913 | Lair:6   | Noticed Gorgoleon's ghost (journeyman SpEn)
 30526 | D:10     | Reached XP level 14. HP: 107/115 MP: 30/30
 31022 | D:11     | Reached skill level 5 in Dodging
 32333 | D:12     | Paralysed by an orc warrior for 4 turns
 34048 | D:12     | Noticed Rupert
 34172 | D:12     | Paralysed by Rupert for 7 turns
 34192 | D:12     | Killed Rupert
 34942 | D:13     | Found Nyjituev's Assorted Antiques.
 34955 | D:13     | Bought a scroll of enchant weapon for 225 gold pieces
 35167 | D:13     | Found a frozen archway.
 35260 | IceCv    | Entered an ice cave
 36446 | IceCv    | Noticed a reaper
 36481 | IceCv    | Killed a reaper
 36482 | IceCv    | Reached skill level 5 in Shields
 37039 | D:13     | Found a gate to the Vaults.
 37395 | Orc:1    | Entered Level 1 of the Orcish Mines
 38012 | Orc:1    | Got the Reference Book on Flight
 38050 | Orc:2    | Entered Level 2 of the Orcish Mines
 38079 | Orc:2    | Found a staircase to the Elven Halls.
 38169 | Orc:2    | Paralysed by an orc sorcerer for 7 turns
 38924 | Orc:2    | Reached XP level 15. HP: 109/121 MP: 31/31
 39166 | Orc:1    | Found Huibb's Distillery.
 39976 | Orc:2    | Found Sutrod's Antique Armour Shoppe.
 39976 | Orc:2    | Found Zamnyla's Jewellery Boutique.
 39978 | Orc:2    | Found Mofoep's Book Boutique.
 39978 | Orc:2    | Found Nyubiwib's Weapon Shoppe.
 39989 | Orc:2    | Bought a spiked cloak for 237 gold pieces
 39989 | Orc:2    | Identified the +3 cloak of Card Tricks {rF+} (You bought it
                  | in a shop on level 2 of the Orcish Mines)
 40501 | D:14     | Got Dyc Ruva's Volume of the Dislocated Volcanoes
 40981 | D:14     | Reached skill level 10 in Shields
 41508 | D:15     | Entered Level 15 of the Dungeon
 42408 | D:15     | Found a staircase to the Depths.
 43158 | D:8      | Killed lnt's ghost
 43370 | Lair:4   | Killed bande's ghost
 44022 | Lair:6   | Killed Gorgoleon's ghost
 44146 | Swamp:1  | Entered Level 1 of the Swamp
 44149 | Swamp:1  | Noticed a tentacled monstrosity
 44171 | Swamp:1  | Killed a tentacled monstrosity
 44178 | Swamp:1  | Identified the +0 cloak "Yhoiroz" {Str+3}
 45247 | Swamp:2  | Noticed Louise
 45376 | Swamp:2  | Cast into level 3 of the Abyss (Louise)
 45392 | Abyss:3  | Identified a scroll of acquirement
 45395 | Abyss:3  | Acquired the ring of Eternal Harmony {rElec rN+ rCorr Str+6
                  | Slay+3}
 45513 | Abyss:3  | Noticed a bone dragon
 45664 | Abyss:3  | Noticed a tentacled starspawn
 45674 | Abyss:3  | Killed a tentacled starspawn
 45716 | Abyss:3  | Noticed a nagaraja
 45832 | Abyss:3  | Reached skill level 10 in Armour
 46130 | Swamp:2  | Escaped the Abyss
 46139 | Swamp:2  | Reached XP level 16. HP: 96/128 MP: 32/32
 46160 | Swamp:2  | Cast into level 2 of the Abyss (Louise)
 46385 | Abyss:2  | Gained mutation: You sometimes lose the ability to read
                  | scrolls when taking damage. [a neqoxec]
 46479 | Abyss:2  | Noticed a tentacled starspawn
 46493 | Abyss:2  | Killed a tentacled starspawn
 46524 | Swamp:2  | Escaped the Abyss
 46546 | Swamp:2  | Killed Louise
 47325 | Swamp:1  | Reached skill level 1 in Maces & Flails
 47333 | Swamp:1  | Found a runed translucent door.
 47333 | Swamp:1  | Noticed swinepaste's ghost (journeyman DsMo)
 47951 | Swamp:2  | Identified the +3 chain mail of the Sun {rC- Str+5}
 48358 | Swamp:2  | Reached skill level 5 in Maces & Flails
 48818 | Swamp:4  | Entered Level 4 of the Swamp
 49146 | Swamp:4  | Got a decaying rune of Zot
 49734 | Spider:1 | Entered Level 1 of the Spider Nest
 50111 | Spider:1 | Reached skill level 10 in Maces & Flails
 50164 | Spider:1 | Reached XP level 17. HP: 122/134 MP: 24/33
 52979 | Spider:4 | Entered Level 4 of the Spider Nest
 53116 | Spider:3 | Reached skill level 10 in Translocations
 53399 | Spider:4 | Noticed Kirke
 53523 | Spider:3 | Killed Kirke
 53862 | Spider:3 | Reached XP level 18. HP: 103/141 MP: 1/35
 54428 | Spider:4 | Got a gossamer rune of Zot
 54546 | Spider:4 | Identified Roxanne's Papyrus of the Mountains
 54546 | Spider:4 | Noticed Roxanne
 54611 | Spider:4 | Killed Roxanne
 55058 | Vaults:1 | Entered Level 1 of the Vaults
 55096 | Vaults:1 | Found a gateway to a bazaar.
 55106 | Bazaar   | Entered a bazaar
 55108 | Bazaar   | Found Ebuopt's Weapon Boutique.
 55112 | Bazaar   | Found Uwuis's Armour Boutique.
 55112 | Bazaar   | Found Lyzedghog's Armour Boutique.
 55113 | Bazaar   | Found Finnatz's Jewellery Boutique.
 55125 | Bazaar   | Bought a +1 crystal plate armour for 1131 gold pieces
 55150 | Bazaar   | Bought a +4 ring of protection for 576 gold pieces
 55568 | Vaults:1 | Killed from afar by a crystal guardian

Illustrated notes

Levels and vault maps discovered:
D:1:      lemuel_arrival_behind_the_door_small, layout_loops_corners,
          minmay_tromino_v4_b
D:2:      minmay_angry_zag, layout_basic, kennysheep_generic_room_16, uniq_robin
D:3:      layout_basic
D:4:      layout_basic, lightli_sewer_entry_pipes, serial_shops,
          nicolae_stop_n_shop_1, hangedman_decor_lopped
D:5:      layout_cave_pods, nicolae_take_the_stairs
D:6:      layout_cave_pods, led_sif_pool, temple_fountains, serial_shops, shop,
          roderic_lattice_a, kennysheep_cross_room
D:7:      nzn_winding_woodlands_three_and_one
          [nzn_winding_woodlands_5x15_sawtooth, nzn_winding_woodlands_5x15_pool,
          nzn_winding_woodlands_5x15_concentric,
          nzn_winding_woodlands_center_pierced_h], layout_loops_corners,
          minmay_bent
D:8:      layout_loops_ring, ebering_ghost_rock_garden
D:9:      layout_roguey, orc_0_dummy
D:10:     cheibrodos_elevator_heist, layout_gridville, erik_lair_island
D:11:     layout_stronghold, minmay_variable_closet
D:12:     layout_loops_ring, centaur_isle, uniq_rupert
D:13:     layout_cave_pools, david_vaults_1, portal_ice_cave_rime, serial_shops,
          shop, minivault_10
D:14:     layout_roguey [special_room_orc], nrook_pool_corridor,
          grunt_dithmenos_shadows
D:15:     hangedman_depths_entry_civil_slaughter, layout_loops_cross,
          einodemon_crawler_minivault
Temple:   regret_index_temple_sigil_plot
Lair:1:   layout_regular_city, serial_bayou_shore_b, lemuel_fruit_fields,
          minmay_lair_oklob_chamber
Lair:2:   layout_hall_layers, grunt_megastairs_5
Lair:3:   layout_cave_pods, grunt_megastairs_3
Lair:4:   layout_small_grid, minmay_swamp_entry_swarm, spider_nest_entry_webs,
          ebering_ghost_rock_garden, grunt_megastairs_2
Lair:5:   layout_regular_city
Lair:6:   guppyfry_lair_end_dragon, layout_small_grid, slime_altar_1,
          gammafunk_ghost_berserking_beasts
Swamp:1:  layout_basic_swamp, ebering_ghost_xom, evilmike_swamp_ruin_house_1,
          nicolae_swamp_super_fun_site
Swamp:2:  layout_basic_swamp, evilmike_swamp_ruin_rubble_1, swamp_pool5,
          uniq_louise
Swamp:3:  layout_falls_marsh, hangedman_swamp_ruin_wall
Swamp:4:  swamp_fiery, layout_basic_swamp, infiniplex_staircase_pool
Spider:1: layout_spider_delve
Spider:2: nicolae_spider_hilbert_zone_7 [nicolae_spider_hilbert_4_sides_1_open,
          nicolae_spider_hilbert_4_sides_1_open,
          nicolae_spider_hilbert_4_sides_1_open,
          nicolae_spider_hilbert_4_sides_1_open,
          nicolae_spider_hilbert_3_sides_1_open,
          nicolae_spider_hilbert_3_sides_1_open,
          nicolae_spider_hilbert_3_sides_1_open,
          nicolae_spider_hilbert_3_sides_1_open,
          nicolae_spider_hilbert_4_sides_1_open,
          nicolae_spider_hilbert_4_sides_1_open,
          nicolae_spider_hilbert_4_sides_1_open,
          nicolae_spider_hilbert_2_sides_1_open,
          nicolae_spider_hilbert_2_sides_1_open,
          nicolae_spider_hilbert_2_sides_1_open,
          nicolae_spider_hilbert_2_sides_1_open,
          nicolae_spider_hilbert_2_sides_1_open,
          nicolae_spider_hilbert_2_sides_1_open]
Spider:3: spiders_nest_scorpion_pit, nicolae_spider_spiderdrome
Spider:4: grunt_spider_rune_island, nicolae_spider_cling_ruins, uniq_kirke,
          uniq_roxanne
Orc:1:    layout_caves, serial_shops, nicolae_shop_behind_doors,
          nooodl_orcs_dogs
Orc:2:    grunt_orc_tribal_feast, layout_caves, basic_altar
Vaults:1: nicolae_vaults_circle_grid_a, v_rooms_2, nicolae_vaults_network_star,
          v_misc_18, nicolae_vaults_angled_halls, serial_ice_h, v_misc_10,
          hangedman_vaults_capsules, nicolae_vaults_windows_and_doors_thing,
          nicolae_vaults_specimen_jars, v_misc_22, v_misc_23,
          nicolae_vaults_theta, layout_vaults_omnicross, serial_shops,
          statue_bzr

Skill      XL: |  1  2  3  4  5  6  7  8  9 10 11 12 13 14 15 16 17 18 |
---------------+-------------------------------------------------------+-----
Translocations | 1 2 3 4 5 6 8 11 13 | 13.0
Axes           | 3 5 10 13 15 16 | 16.0
Fighting       | 5 8 |  8.0
Armour         | 2 7 8 10 11 | 11.5
Shields        | 4 7 12 | 12.2
Spellcasting   | 8 |  8.0
Dodging        | 4 8 |  8.0
Maces & Flails | 10 12 | 12.8
Stealth        | |  1.7
Summonings     | |  3.6

Action                   |  1- 3 |  4- 6 |  7- 9 | 10-12 | 13-15 | 16-18 || total
-------------------------+-------+-------+-------+-------+-------+-------++-------
Melee: Dagger            |   148 |       |       |       |       |       ||   148
       Unarmed           |    20 |       |       |       |       |       ||    20
       Short sword       |    90 |   225 |       |       |       |       ||   315
       War axe           |       |    35 |   312 |   651 |  1796 |   165 ||  2959
       Great sword       |       |       |     6 |     4 |       |       ||    10
       Long sword        |       |       |       |    24 |    55 |       ||    79
       Eveningstar       |       |       |       |       |       |  1576 ||  1576
Throw: Dart              |       |     5 |    13 |       |    25 |     1 ||    44
       Throwing net      |       |       |     1 |       |       |       ||     1
 Cast: Summon Small Mamm |    31 |    44 |     3 |       |       |       ||    78
       Manifold Assault  |       |       |       |       |       |     1 ||     1
Evoke: Wand              |       |       |     2 |     7 |     3 |     1 ||    13
       Tin of tremorston |       |       |       |       |       |     3 ||     3
       Condenser vane    |       |       |       |       |       |     1 ||     1
  Use: Potion            |       |     2 |       |       |    12 |     1 ||    15
       Scroll            |       |       |     2 |    18 |    22 |    11 ||    53
 Stab: Sleeping          |     4 |     3 |       |       |       |       ||     7
       Distracted        |     1 |     1 |       |       |       |       ||     2
Armor: Robe              |    60 |     4 |       |       |       |       ||    64
       Leather armour    |       |   110 |    67 |       |       |       ||   177
       Plate armour      |       |       |   127 |   538 |   906 |  1275 ||  2846
       Crystal plate arm |       |       |       |       |       |   114 ||   114
Dodge: Dodged            |   177 |   171 |   156 |   210 |   485 |   798 ||  1997
Block: Buckler           |       |       |    66 |   206 |   194 |       ||   466
       Tower shield      |       |       |       |       |  1229 |   196 ||  1425
       Kite shield       |       |       |       |       |       |  1451 ||  1451
       Rpst.: Long sword |       |       |       |     1 |     6 |       ||     7
